 BcadrenCrawl: Boulder Brew version 0.06-744-gf22570f5e0 (webtiles) character file.

Game seed: 5492977798575652392

254 LabCoat the Chopper (level 6, -2/79 HPs) Hill Orc Fighter. Began on Mar 6, 2023. Was a Follower of Beogh. Slain by a crocodile (4 damage) ... on level 2 of the Dungeon. The game lasted 00:05:25 (1212 turns).

LabCoat the Chopper (Hill Orc Fighter)              Turns: 1212, Time: 00:05:26

Health: -2/79      AC:  9    Str: 21    XL:     6 ^: 253
Magic:  6/6        EV:  8    Int:  8    God:    Beogh [1* [34]]
Gold:   65         SH:  7    Dex: 10    Spells: 5/5 levels left

rFire    . . .     Slash    .   a - +0 war axe
rCold    . . .     Pierce   .   c - +0 heater shield
rNeg     . . .     Bludgeon .   b - +0 scale mail
rCorr    . . .     Vision   .   m - +1 hat
rPois    .         Gourm    .   (no cloak)
rElec    .         Faith    .   e - +0 pair of gloves
MR       .....     Spirit   .   (no boots)
HPRegen  0.36/turn Reflect  .   (no amulet)
MPRegen  0.16/turn Harm     .   (no ring)
Stlth    ..........             (no ring)

@: no status effects
A: soft flesh
a: Renounce Religion


You were on level 2 of the Dungeon.
You worshipped Beogh.
Beogh was aware of your devotion.
You were not hungry.

You visited 1 branch of the dungeon, and saw 2 of its levels.

You collected 65 gold pieces.

Inventory:

Weapons
 a - a +0 war axe (weapon) Shields
 c - a +0 heater shield (shield)
 n - a +0 nunchaku
Armour
 b - a +0 scale mail (worn)
 e - a +0 pair of gloves (worn)
 m - a +1 hat (worn)
Jewellery
 i - a cursed ring of resist corrosion {(Curse: Int-5)}
 l - a cursed amulet of the acrobat {(Curse: Int-5)}
Scrolls
 d - a scroll of random uselessness
 g - a scroll of teleportation
 j - 2 scrolls of fear
 o - a scroll of enchantment
Potions
 h - a potion of magic
 k - a potion of amnesia
Comestibles
 f - 8 rations


   Skills:
 + Level 4.4 Fighting
 + Level 5.4 Axes & Hammers
 + Level 4.5 Armour
 + Level 0.3 Dodging
 + Level 4.6 Shields


You had 5 spell levels left.
You didn't know any spells.
Your spell library was empty.

Dungeon Overview and Level Annotations

Branches:
Dungeon (2/8)

Altars:
Beogh


Innate Abilities, Weirdness & Mutations

((Your soft flesh is weak to deep cuts.
Heavy manmade armour will nullify this weakness. (rSlashing-)))


Message History

You hit the ooze (2).
It resists.
You kill the ooze!
Beogh accepts your kill. The crocodile bites you (14)!
* * * LOW HITPOINT WARNING * * *
The crocodile bites you but does no damage.
You hit the crocodile (2).
It resists.
The crocodile is heavily wounded. (17/30) HP The crocodile bites you (11)!
* * * LOW HITPOINT WARNING * * *
Unknown command.
You hit the crocodile but do no damage.
The crocodile is heavily wounded. (17/30) HP The crocodile barely misses you.
You hear a splash.
You block the crocodile's attack.
You barely miss the crocodile.
The crocodile is heavily wounded. (17/30) HP The crocodile bites you (4).
You die...

#≈≈≈≈≈≈# ⌠ #≈≈≈≈≈≈# .
#≈≈≈≈≈≈#### #.
#≈≈≈≈≈≈#≈.###.≈
#≈≈≈≈≈)≈..≈...#
######≈≈≈≈≈≈#......#
##..≈##≈≈≈≈.≈#...[...
#.≈..≈#.≈≈.≈.≈.......
#...@.....≈≈....)....
###...t...≈≈≈≈.#.....≈#
#≈.....P#≈≈≈≈≈.#....≈≈#
#.......#≈≈≈≈≈.#....###
#≈......≈#≈≈≈≈≈.#....#
≈.......≈#≈≈≈≈≈....≈####
#........#≈≈≈≈≈≈..#####≈
.........≈≈≈≈≈≈...#≈#.≈.
..........≈≈.....≈≈≈#..#


You could see a crocodile.

Vanquished Creatures
  A big kobold (D:2)
  2 giant cockroaches (D:1)
  9 sewer rats (D:2)
  2 cinder newts
  A worm (D:2)
  2 oozes
  3 dart slugs (D:1)
  3 leopard geckos (D:2)
  A goblin (D:1)
  4 hobgoblins (D:1)
  2 bats (D:1)
  A bat skeleton (D:2)
  12 kobolds
  3 rats (D:1)
  A withered plant (D:2)
47 creatures vanquished.

Vanquished Creatures (others)
  A jelly (D:2)
  A sewer rat (D:2)
  A kobold (D:2)
  A giant blowfly (D:2)
  3 slimeheads (D:2)
  67 withered plants (D:2)
74 creatures vanquished.

Grand Total: 121 creatures vanquished

Notes
Turn   | Place    | Note
-------+----------+-------------------------------------------
     0 | D:1      | LabCoat the Hill Orc Fighter began the quest for the Orb.
     0 | D:1      | Reached XP level 1. HP: 29/29 MP: 1/1
    17 | D:1      | Reached XP level 2. HP: 35/39 MP: 2/2
    79 | D:1      | Reached XP level 3. HP: 49/49 MP: 3/3
   116 | D:1      | Reached skill level 3 in Axes & Hammers
   233 | D:1      | Found a roughly hewn altar of Beogh.
   351 | D:1      | Became a worshipper of Beogh the Brigand
   468 | D:1      | Reached XP level 4. HP: 59/59 MP: 4/4
   849 | D:2      | Reached skill level 4 in Axes & Hammers
   881 | D:2      | Reached XP level 5. HP: 29/69 MP: 5/5
  1148 | D:2      | Reached skill level 5 in Axes & Hammers
  1148 | D:2      | Reached XP level 6. HP: 79/79 MP: 6/6
  1148 | D:2      | Reached * piety under Beogh
  1210 | D:2      | HP: 1/79 [crocodile (11)]
  1212 | D:2      | Slain by a crocodile

Illustrated notes

Levels and vault maps discovered:
D:1:      mrwooster_arrival_arrow, layout_loops_ring, kennysheep_flooded_box
D:2:      layout_sewer, minitemple, sewer_frog_pond, serial_shops,
          nicolae_shop_temple_entry_statues_fountains, shop, first_ration

Skill      XL: |  1  2  3  4  5 |
---------------+----------------+-----
Fighting       | 4 |  4.4
Axes & Hammers | 3 4 5 |  5.4
Shields        | 4 |  4.6
Armour         | 4 |  4.5
Dodging        | |  0.3

Action                   |  1- 3 |  4- 6 || total
-------------------------+-------+-------++-------
Melee: War axe           |    36 |    95 ||   131
Throw: Stone             |       |     7 ||     7
       Rusty metal       |       |     2 ||     2
  Use: Potion            |       |     2 ||     2
  Eat: Chunk             |       |     1 ||     1
Armor: Scale mail        |    17 |    76 ||    93
Dodge: Dodged            |     6 |    23 ||    29
Block: Heater shield     |    12 |    51 ||    63
